 Dungeon Crawl Stone Soup version 0.25-a0-829-g4e6a552925 (webtiles) character file.

Game seed: 2286165091117551036, levelgen mode: deterministic

16 Maedhros the Charlatan (level 2, -9/27 HPs)
             Began as an Octopode Artificer on Apr 21, 2020.
             Blown up by Ijyb (18 damage)
             ... with a disintegration bolt
             ... on level 4 of the Dungeon.
             The game lasted 00:01:45 (335 turns).

Maedhros the Charlatan (Octopode Artificer)          Turns: 335, Time: 00:01:45

Health: -9/27      AC: 21    Str: 11    XL:     2   Next: 58%
Magic:  4/4        EV:  2    Int: 13    God:
Gold:   48         SH:  0    Dex: 12    Spells: 1/1 levels left

rFire    . . .     SeeInvis .     - Unarmed
rCold    . . .     Gourm    .   (no shield)
rNeg     + + +     Faith    .   (helmet currently unavailable)
rPois    +         Spirit   .   (no amulet)
rElec    .         Reflect  .   (no ring)
rCorr    .         Harm     .   (no ring)
MR       .....     NoTele   +   (no ring)
Stlth    ++........             (no ring)
HPRegen  0.09/turn              (no ring)
MPRegen  0.09/turn              (no ring)
                                (no ring)
                                (no ring)

@: tree-form
A: almost no armour, stealthy swim, (amphibious), 8 rings, (constrict 8)
a: no special abilities


You were on level 4 of the Dungeon.
You were not hungry.
You were a tree.
You visited 1 branch of the dungeon, and saw 4 of its levels.

You collected 48 gold pieces.

Inventory:

Hand Weapons
 a - a +0 short sword
Wands
 b - a wand of flame (15)
 c - a wand of enslavement (13)
 d - a wand of random effects (13)
Scrolls
 h - 2 scrolls of remove curse {unknown}
 i - a scroll of identify {unknown}
Potions
 g - a potion of lignification
 j - a potion of curing {unknown}
Comestibles
 f - 4 rations


   Skills:
 - Level 1.0 Fighting
 - Level 1.0 Short Blades
 - Level 2.0 Dodging
 + Level 2.1 Stealth
 * Level 1.4 Unarmed Combat
 + Level 3.5 Evocations


You had one spell level left.
You didn't know any spells.
Your spell library was empty.

Dungeon Overview and Level Annotations

Branches:
Dungeon (4/15)
 Temple: D:4-7

Altars:
Vehumet

Annotations:
D:4 Ijyb


Innate Abilities, Weirdness & Mutations

You cannot wear most types of armour.
You are very stealthy in the water. (Stealth+)
((You are amphibious.))
You can wear up to eight rings at the same time.
((You can use your tentacles to constrict eight enemies at once.))
((Your skin changes colour to match your surroundings (Stealth+).))
((Your rubbery body absorbs attacks. (AC +1, EV +1)))


Message History

Ijyb is lightly wounded.
Ijyb zaps a wand.
You barely resist. You hit Ijyb.
Ijyb is moderately wounded.
Ijyb hits you but does no damage.
You barely miss Ijyb.
Ijyb is moderately wounded.
Ijyb screams, "Me kill you!" Ijyb hits you but does no damage.
You hit Ijyb but do no damage.
Ijyb is moderately wounded.
Ijyb hits you but does no damage.
You hit Ijyb but do no damage.
Ijyb is moderately wounded.
Ijyb hits you but does no damage.
You hit Ijyb.
Ijyb is heavily wounded.
Ijyb zaps a wand.
You are blasted!
Ouch! That really hurt!
You die...

#...........#
#..........<#
#...........#
#..........##
#..........####
#.......>.....#
#.^.........#.#
#.....g...#.#.#
#.....♣...._..
#.........#.###
#...........#
#..........##
#.....##...#
#..... .(.#
#..... ....
#..... .....


You could see Ijyb.

Vanquished Creatures
  A dart slug (D:2)
  A bat (D:2)
  A giant cockroach (D:1)
  2 goblins (D:2)
  A hobgoblin (D:2)
  A quokka (D:2)
  A kobold (D:1)
  2 rats (D:2)
10 creatures vanquished.

Vanquished Creatures (collateral kills)
  A worm (D:2)
  A dart slug (D:2)
  A hobgoblin (D:2)
3 creatures vanquished.

Grand Total: 13 creatures vanquished

Notes
Turn   | Place    | Note
-------+----------+-------------------------------------------
     0 | D:1      | Maedhros the Octopode Artificer began the quest for the
                  | Orb.
     0 | D:1      | Reached XP level 1. HP: 13/13 MP: 3/3
   133 | D:2      | Reached skill level 1 in Unarmed Combat
   133 | D:2      | Reached XP level 2. HP: 8/18 MP: 4/4
   314 | D:4      | Noticed Ijyb
   317 | D:4      | Found a radiant altar of Vehumet.
   335 | D:4      | Blown up by Ijyb

Levels and vault maps discovered:
D:1:      nzn_arrival_settlement, layout_basic, minmay_tripent
D:2:      layout_basic, chequers_garden, chequers_decorated_corner
D:3:      layout_basic, kennysheep_vampire_church, old_standard_altar,
          minitemple, chequers_ecumenical_altar_simple
D:4:      layout_gridville, lemuel_crystal_altar, serial_shops, shop,
          first_ration, uniq_ijyb

Skill      XL: |  1  2 |
---------------+-------+-----
Unarmed Combat | 1 |  1.4
Stealth        | 2 |  2.1
Fighting       | |  1.0
Short Blades   | |  1.0
Dodging        | |  2.0
Evocations     | |  3.5

Action                   || total
-------------------------++-------
Melee: Short sword       ||    16
       Tentacles         ||     5
       Constrict         ||     7
       Unarmed           ||     8
Evoke: Wand              ||     4
  Use: Potion            ||     2
 Stab: Sleeping          ||     3
Armor: Skin              ||     6
Dodge: Dodged            ||     7

Table legend:
 A = Non-vault XP
 B = Vault XP
 C = Vault XP percentage of total XP
 D = Non-vault monster count
 E = Vault monster count
 F = Vault count percentage of total count
                 A         B        C        D         E       F
            +---------+---------+-------+---------+---------+-------
      Total |      24 |       0 |   0.0 |      13 |       0 |   0.0
            +---------+---------+-------+---------+---------+-------
        D:1 |       3 |       0 |   0.0 |       2 |       0 |   0.0
        D:2 |      21 |       0 |   0.0 |      11 |       0 |   0.0
            +---------+---------+-------+---------+---------+-------
